 Dungeon Crawl Stone Soup version 0.20.0-8-g6b59dc7 (webtiles) character file.

95 JarielCorvus the Magician (level 4, -6/24 HPs)
             Began as a Deep Elf Fire Elementalist on May 30, 2017.
             Mangled by Rocke's ghost (14 damage)
             ... on level 4 of the Dungeon.
             The game lasted 00:09:15 (2685 turns).

JarielCorvus the Magician (DEFE)                    Turns: 2685, Time: 00:09:15

Health: -6/24      AC:  2    Str: 10    XL:     4   Next: 39%
Magic:  1/12       EV: 13    Int: 21    God:
Gold:   135        SH:  0    Dex: 15    Spells: 3/12 levels left

rFire    . . .     SeeInvis .   i - +0 dagger
rCold    . . .     Gourm    .   (no shield)
rNeg     . . .     Faith    .   a - +0 robe
rPois    .         Spirit   .   (no helmet)
rElec    .         Reflect  .   (no cloak)
rCorr    .         Harm     .   (no gloves)
MR       .....                  (no boots)
Stlth    ++........             (no amulet)
Regen    0.1/turn               (no ring)
MPRegen  0.2/turn               (no ring)

@: mighty
A: no striking features
a: no special abilities


You were on level 4 of the Dungeon.
You were not hungry.

You visited 1 branch of the dungeon, and saw 4 of its levels.

You collected 135 gold pieces.

Inventory:

Hand Weapons
 i - a +0 dagger (weapon)
Armour
 a - a +0 robe (worn)
Jewellery
 m - an uncursed ring of ice
Scrolls
 d - a scroll of blinking
 e - 2 scrolls of teleportation
 j - 2 scrolls of identify
 n - 3 scrolls of remove curse {unknown}
Potions
 f - a potion of lignification {unknown}
 g - a potion of curing
 l - a potion of might
Books
 b - a book of Flames

   Spells                             Type                      Level
   a - Flame Tongue                   Conjuration/Fire             1
   b - Throw Flame                    Conjuration/Fire             2
   c - Conjure Flame                  Conjuration/Fire             3
   d - Inner Flame                    Hexes/Fire                   3
   e - Sticky Flame                   Conjuration/Fire             4
   f - Fireball                       Conjuration/Fire             5
Comestibles
 c - 2 bread rations
 h - a fruit
 k - a royal jelly
 o - a meat ration


   Skills:
 - Level 2.4 Dodging
 - Level 2.4 Stealth
 * Level 4.9 Spellcasting
 + Level 2.5 Conjurations
 + Level 4.0 Fire Magic


You had 3 spell levels left.
You knew the following spells:

 Your Spells              Type           Power        Failure   Level  Hunger
a - Flame Tongue          Conj/Fire      ###..        2%          1    None
b - Throw Flame           Conj/Fire      ###...       4%          2    None
c - Conjure Flame         Conj/Fire      ###.....     9%          3    ##.....
d - Inner Flame           Hex/Fire       ##......     14%         3    ##.....


Dungeon Overview and Level Annotations

Branches:
Dungeon (4/15)
 Temple: D:4-7

Altars:
Fedhas

Annotations:
D:3 Sigmund
D:4 Rocke's ghost, amateur DsGl


Message History

Rocke's ghost is almost destroyed.
Rocke's ghost holds its blade at the ready.
Rocke's ghost hits you.
You closely miss Rocke's ghost.
Rocke's ghost is almost destroyed.
Rocke's ghost closely misses you.
You barely miss Rocke's ghost.
Rocke's ghost is almost destroyed.
Rocke's ghost hits you!
Ouch! That really hurt!
* * * LOW HITPOINT WARNING * * *
Rocke's ghost says, "I was once a great warrior, and I still am!"
You feel better. Rocke's ghost closely misses you.
You feel very mighty all of a sudden. Rocke's ghost misses you.
You hit Rocke's ghost.
Rocke's ghost is almost destroyed.
Rocke's ghost hits you!
Ouch! That really hurt!
You die...

......... ...............
?........# #.#.##..#
<........# #.#.....####.
.........# #.#...........
.........####
#.#....######.
............###.#.####....
.........#....#.#......<..
.........#....#.#W####....
#...†..........@.# .
#.....###....#.### #.....#
#......# #.....# #..###.#
#.....###..# #.#
#####..##..# #.. ##.##..#
#.#. #######.##..# #....
............#


You could see Rocke's ghost.

Vanquished Creatures
  4 adders
  2 leopard geckos
  4 orcs (D:3)
  6 bats
  2 giant cockroaches
  4 hobgoblins (D:2)
  2 jackals (D:3)
  13 kobolds
  3 frilled lizards
  7 goblins
  4 rats
51 creatures vanquished.

Notes
Turn   | Place    | Note
-------+----------+-------------------------------------------
     0 | D:1      | JarielCorvus the Deep Elf Fire Elementalist began the quest for the Orb.
     0 | D:1      | Reached XP level 1. HP: 10/10 MP: 6/6
   403 | D:1      | Reached XP level 2. HP: 15/15 MP: 6/8
   407 | D:1      | Learned a level 2 spell: Throw Flame
  1192 | D:2      | Reached XP level 3. HP: 19/19 MP: 5/10
  1426 | D:2      | Learned a level 3 spell: Conjure Flame
  1430 | D:2      | Learned a level 3 spell: Inner Flame
  1588 | D:3      | Found a faded altar of an unknown god.
  1749 | D:3      | Noticed Sigmund
  1903 | D:3      | Reached XP level 4. HP: 24/24 MP: 4/12
  1942 | D:3      | HP: 1/24 [orc/club (6)]
  2530 | D:4      | Found a blossoming altar of Fedhas.
  2663 | D:4      | Noticed Rocke's ghost (amateur DsGl)
  2675 | D:4      | HP: 1/24 [Rocke's ghost (12)]
  2685 | D:4      | Mangled by Rocke's ghost

Skill      XL: |  1  2  3  4 |
---------------+-------------+-----
Spellcasting   | 4 |  4.9
Conjurations   | 2 |  2.5
Fire Magic     | 4 |  4.0
Dodging        | |  2.4
Stealth        | |  2.4

Action                   |  1- 3 |  4- 6 || total
-------------------------+-------+-------++-------
Melee: Dagger            |     4 |    16 ||    20
 Cast: Flame Tongue      |    36 |    12 ||    48
       Throw Flame       |    24 |    23 ||    47
       Inner Flame       |     1 |       ||     1
  Use: Scroll            |     6 |       ||     6
       Potion            |     2 |     3 ||     5
  Eat: Meat ration       |     1 |       ||     1
       Chunk             |     1 |       ||     1
Armor: Robe              |     2 |    10 ||    12
Dodge: Dodged            |    14 |    18 ||    32
